 Dungeon Crawl Stone Soup version 0.27-a0-1374-gc14e5d3922 (webtiles) character file.

Game seed: 1499673435197369457

6960 HAL9000 the Covert (level 11, -11/55 HPs)
             Began as a Vine Stalker Brigand on June 29, 2021.
             Was a Believer of Uskayaw.
             Mangled by a komodo dragon (26 damage)
             ... on level 8 of the Dungeon.
             The game lasted 00:24:35 (11394 turns).

HAL9000 the Covert (Vine Stalker Brigand)          Turns: 11394, Time: 00:24:36

Health: -11/55     AC:  7    Str: 16    XL:     11   Next: 7%
Magic:  0/12       EV: 15    Int: 13    God:    Uskayaw [**....]
Gold:   605        SH: 10    Dex: 15    Spells: 10/10 levels left

rFire    + . .     SeeInvis +   G - +1 short sword (vamp)
rCold    . . .     Faith    .   E - +0 buckler
rNeg     . . .     Spirit   +   e - +2 robe {rF+}
rPois    .         Reflect  +   g - +0 helmet
rElec    .         Harm     .   c - +0 cloak
rCorr    .         Rampage  .   x - +0 pair of gloves
Will     +....                  (no boots)
Stlth    +++++.....             b - amulet of reflection
HPRegen  1.18/turn              f - +4 ring of evasion
MPRegen  0.13/turn              O - ring of see invisible

@: no status effects
A: fangs 3, regeneration 1, magic shield, antimagic bite, no potion heal 2
a: Renounce Religion, Stomp, Line Pass


You were on level 8 of the Dungeon.
You worshipped Uskayaw.
Uskayaw was noncommittal.
You visited 3 branches of the dungeon, and saw 11 of its levels.

You collected 605 gold pieces.

Inventory:

Hand Weapons
 a - a +2 dagger
 G - a +1 vampiric short sword (weapon)
 P - a +3 scimitar
 R - a +0 hunting sling of freezing
Missiles
 d - 20 poisoned darts (quivered)
 n - 3 curare-tipped darts
 w - 10 boomerangs
 y - 4 boomerangs of dispersal
 S - 21 sling bullets
Armour
 c - a +0 cloak (worn)
 e - a +2 robe of fire resistance (worn)
 g - a +0 helmet (worn)
 x - a +0 pair of gloves (worn)
 E - a +0 buckler (worn)
 L - +0 acid dragon scales
 N - +0 steam dragon scales
 Q - a +2 robe of willpower
Jewellery
 b - an amulet of reflection (around neck)
 f - a +4 ring of evasion (left hand)
 q - a ring of flight
 J - a ring of magical power
 O - a ring of see invisible (right hand)
Wands
 F - a wand of iceblast (18)
Scrolls
 h - 6 scrolls of fog {unknown}
 i - 2 scrolls of brand weapon {unknown}
 l - 3 scrolls of magic mapping {unknown}
 o - a scroll of enchant armour {unknown}
 p - 4 scrolls of vulnerability {unknown}
 r - a scroll of silence {unknown}
 t - a scroll of summoning
 u - 3 scrolls of noise {unknown}
 v - 2 scrolls of teleportation
 C - 2 scrolls of blinking
 I - 3 scrolls of enchant weapon {unknown}
 K - 4 scrolls of amnesia
 M - a scroll of immolation
 T - a scroll of fear {unknown}
Potions
 j - 8 potions of curing {unknown}
 k - 2 potions of heal wounds
 m - a potion of mutation {unknown}
 s - 3 potions of haste
 z - 2 potions of attraction
 A - a potion of resistance {unknown}
 B - a potion of cancellation {unknown}
 D - a potion of might {unknown}
 H - a potion of lignification {unknown}


   Skills:
 - Level 5.0 Fighting
 - Level 10.1 Short Blades
 - Level 0.6(3.3) Slings
 - Level 5.3 Throwing
 - Level 0.7 Dodging
 + Level 12.4 Stealth
 - Level 4.0 Shields


You had 10 spell levels left.
You didn't know any spells.
Your spell library was empty.

Dungeon Overview and Level Annotations

Branches:
Dungeon (9/15)             Temple (1/1) D:4            Lair (1/6) D:8
    Orc (0/2) D:9

Altars:
Ashenzari
Cheibriados
Dithmenos
Elyvilon
Fedhas
Gozag
Hepliaklqana
Kikubaaqudgha
Makhleb
Nemelex Xobeh
Okawaru
Qazlal
Ru
Sif Muna
Trog
Uskayaw
Vehumet
Wu Jian
Xom
Yredelemnul
Zin
The Shining One

Shops:
D:8 =

Annotations:
D:9 exclusion: ice statue


Innate Abilities, Weirdness & Mutations

You have razor-sharp teeth.
Your natural rate of healing is unusually fast.
When hurt, damage is shared between your health and your magic reserves.
Your bite disrupts and absorbs the magic of your enemies.
Potions cannot restore your health.


Message History

You throw a poisoned dart.
The poisoned dart barely misses the komodo dragon.
The poisoned dart hits the fungus.
You block the komodo dragon's attack.
You hit the komodo dragon but do no damage.
Your bite misses the komodo dragon.
The komodo dragon is moderately wounded.
The komodo dragon misses you.
You hit the komodo dragon. You bite the komodo dragon. You drain its power.
The komodo dragon is heavily wounded.
You hit the komodo dragon but do no damage.
You bite the komodo dragon. You drain its power.
The komodo dragon is heavily wounded.
The komodo dragon completely misses you.
You hit the komodo dragon.
The komodo dragon is heavily wounded.
You hit the komodo dragon but do no damage.
You bite the komodo dragon, but do no damage.
The komodo dragon is severely wounded.
The komodo dragon bites you!
You hit the komodo dragon.
You bite the komodo dragon, but do no damage.
The komodo dragon is severely wounded.
The komodo dragon bites you!!
You hit the komodo dragon.
You feel better.
You bite the komodo dragon, but do no damage.
The komodo dragon is severely wounded.
You completely miss the komodo dragon. Your bite misses the komodo dragon.
The komodo dragon is severely wounded.
The komodo dragon bites you!
* * * LOW HITPOINT WARNING * * *
You hit the komodo dragon.
You bite the komodo dragon, but do no damage.
The komodo dragon is almost dead.
You can now pass through a line of other dancers.
You hit the komodo dragon but do no damage.
You bite the komodo dragon, but do no damage.
The komodo dragon is almost dead.
The komodo dragon bites you!!
You die...

###..##......P..PP.P.............
# ##.....................######..
#####........PP..P.....### #...
............P...P...P).## ##...
.......#.P.P..P..PP.....# #...#
.......#...P...P..P.....## ##..##
............P..PP..P.....###..##
..............P...PPP....(....#
.......P.P..P..P@P....P.......###
........P......l.PP.P.P..##......
###.##.P.............P...#.......
# #.###..P........P..P......####.
# #≈# #....P..PP....P.......# #.
# #≈# ##..PP....PP.........## ##.
# #≈###......PP...........## #..
# #.##....P.PPP..P.........## #..
###.#...#.P..PP...PP..###...###..


You could see a komodo dragon (poisoned).

Vanquished Creatures
  Joseph (Lair:1)
  Maggie (D:7)
  2 hornets
  Sigmund (D:2)
  A shadow (D:8)
  A wraith (D:9)
  5 yaks
  3 steam dragons
  An acid dragon (D:7)
  4 water moccasins
  2 ice beasts
  6 orc warriors
  A necrophage (D:7)
  A black bear (D:7)
  3 ogres
  A centaur (D:9)
  A phantom (D:5)
  2 kobold brigands
  2 gnoll sergeants
  5 bullfrogs
  A scorpion (D:5)
  A wyvern skeleton (D:5)
  9 wights
  7 howler monkeys
  3 centaur zombies
  6 orc priests
  A jelly (D:6)
  2 hounds (D:5)
  A gnoll shaman (D:5)
  A centaur skeleton (D:6)
  11 orc wizards
  A scorpion zombie (D:4)
  2 iguanas (D:5)
  A hound skeleton (D:5)
  25 gnolls
  5 adders
  A shadow imp (D:8)
  A white imp (D:7)
  2 ufetubi
  3 adder zombies (D:4)
  2 dart slugs
  2 worms
  49 orcs
  10 ball pythons
  7 endoplasms
  3 giant cockroaches
  8 hobgoblins
  28 jackals
  4 quokkas
  11 bats
  3 frilled lizards
  8 goblins
  10 kobolds
  7 rats
280 creatures vanquished.

Vanquished Creatures (others)
  A gnoll (D:5)
  A shadow imp (D:7)
  3 orcs (D:7)
  27 fungi (D:8)
  23 plants
55 creatures vanquished.

Grand Total: 335 creatures vanquished

Notes
Turn   | Place    | Note
-------+----------+-------------------------------------------
     0 | D:1      | HAL9000 the Vine Stalker Brigand began the quest for the
                  | Orb.
     0 | D:1      | Reached XP level 1. HP: 11/11 MP: 2/2
   246 | D:1      | Reached XP level 2. HP: 15/15 MP: 3/3
   763 | D:1      | Reached XP level 3. HP: 8/18 MP: 4/4
  1487 | D:2      | Found a faded altar of an unknown god.
  1492 | D:2      | Noticed Sigmund
  1612 | D:2      | Killed Sigmund
  1613 | D:2      | Reached skill level 5 in Throwing
  1613 | D:2      | Gained mutation: Your natural rate of healing is unusually
                  | fast. [Vine Stalker growth]
  1613 | D:2      | Reached XP level 4. HP: 17/23 MP: 2/5
  1613 | D:2      | Reached XP level 5. HP: 20/26 MP: 2/6
  1746 | D:2      | Found a shimmering altar of Xom.
  2445 | D:3      | Reached XP level 6. HP: 30/30 MP: 5/7
  2802 | D:3      | Found a white marble altar of Elyvilon.
  3048 | D:4      | Found a staircase to the Ecumenical Temple.
  3066 | Temple   | Entered the Ecumenical Temple
  3331 | Temple   | Became a worshipper of Uskayaw the Reveller
  3409 | D:4      | Reached * piety under Uskayaw
  3479 | D:4      | Found a radiant altar of Vehumet.
  3654 | D:4      | Reached ** piety under Uskayaw
  3759 | D:4      | Found a bloodstained altar of Trog.
  3866 | D:4      | Reached XP level 7. HP: 13/34 MP: 6/8
  3953 | D:4      | Found a basalt altar of Yredelemnul.
  4143 | D:4      | Found a shimmering blue altar of Sif Muna.
  4344 | D:5      | Entered Level 5 of the Dungeon
  4373 | D:5      | Reached skill level 5 in Short Blades
  4505 | D:5      | Reached skill level 5 in Stealth
  4532 | D:5      | Found an ancient bone altar of Kikubaaqudgha.
  4739 | D:5      | Reached *** piety under Uskayaw
  4741 | D:5      | Reached skill level 6 in Stealth
  4745 | D:5      | Reached **** piety under Uskayaw
  4752 | D:5      | Reached ***** piety under Uskayaw
  4823 | D:5      | Reached skill level 7 in Stealth
  4907 | D:5      | Gained mutation: You have razor-sharp teeth. [Vine Stalker
                  | growth]
  4907 | D:5      | Reached XP level 8. HP: 28/38 MP: 7/9
  4922 | D:5      | Reached skill level 8 in Stealth
  5106 | D:5      | Found a faded altar of an unknown god.
  5106 | D:5      | Found an iron altar of Okawaru.
  5113 | D:5      | Found a stormy altar of Qazlal.
  5115 | D:5      | Found a glowing golden altar of the Shining One.
  5128 | D:5      | Found a broken altar of Ashenzari.
  5218 | D:5      | Reached skill level 9 in Stealth
  5431 | D:5      | Reached skill level 10 in Stealth
  5468 | D:5      | Reached skill level 1 in Shields
  6389 | D:6      | Reached XP level 9. HP: 33/42 MP: 6/10
  6537 | D:6      | Found an opulent altar of Gozag.
  6866 | D:7      | Found a shimmering altar of Xom.
  7722 | D:7      | Noticed Maggie
  7728 | D:7      | Killed Maggie
  8042 | D:8      | Reached XP level 10. HP: 49/49 MP: 11/11
  9049 | D:8      | Found Dihad's Jewellery Shoppe.
  9401 | D:8      | Found a staircase to the Lair.
  9784 | D:9      | Reached skill level 10 in Short Blades
 10012 | D:9      | Found a shadowy altar of Dithmenos.
 10072 | D:9      | Reached skill level 11 in Stealth
 10094 | D:9      | Noticed an ice statue
 10694 | D:9      | Found a staircase to the Orcish Mines.
 10868 | Lair:1   | Entered Level 1 of the Lair of Beasts
 10877 | Lair:1   | Reached skill level 5 in Fighting
 10903 | Lair:1   | Reached XP level 11. HP: 55/55 MP: 8/12
 10983 | Lair:1   | Noticed Joseph
 11002 | Lair:1   | Killed Joseph
 11003 | Lair:1   | Reached skill level 12 in Stealth
 11394 | D:8      | Mangled by a komodo dragon

Illustrated notes

Levels and vault maps discovered:
D:1:      lightli_arrival_isolated_outpost, layout_loops_ring
D:2:      minmay_angry_zag, layout_basic, shapermc_ecumenical_altar_gd,
          basic_altar, uniq_sigmund
D:3:      layout_basic, elyvilon_altar_5
D:4:      layout_loops_ring, old_standard_altar,
          nicolae_yredelemnul_corpse_copse, kennysheep_orc_sif_temple,
          overflow_temple_1_default, minmay_temple_entry_stoned_glass
D:5:      lemuel_castle_with_subvaults [lemuel_castle_interior_carwin_2],
          layout_loops_ring, amcnicky_altar_gilded,
          chequers_temple_overflow_minitemple, minmay_misc_feat_iff,
          minmay_misc_feat_more_columns, chequers_serial_rivers_small_a,
          chequers_mini_garden
D:6:      layout_loops_ring, overflow_temple_1_default
D:7:      layout_loops_ring, nicolae_overflow_hidden_temple,
          lemuel_flamethrower_2, uniq_maggie
D:8:      layout_layer_cave, due_lair_maze_entry_diamond, serial_shops,
          nicolae_lakefront_shop, serial_park_tiny_1, corexii_corridor_pit
D:9:      cheibrodos_frozen_isle, layout_rooms, lemuel_tele_altar, david_orc_4
Temple:   compressed_dpeg_triangle_lava_temple
Lair:1:   layout_cave_pods, uniq_joseph

Skill      XL: |  1  2  3  4  5  6  7  8  9 10 11 |
---------------+----------------------------------+-----
Throwing       | 2 3 5 |  5.3
Short Blades   | 2 4 5 8 10 | 10.1
Stealth        | 7 10 11 12 | 12.4
Shields        | 3 4 |  4.0
Fighting       | 3 5 |  5.0
Slings         | |  0.6
Dodging        | |  0.7

Action                   |  1- 3 |  4- 6 |  7- 9 | 10-12 || total
-------------------------+-------+-------+-------+-------++-------
Melee: Dagger            |    95 |   179 |   571 |   277 ||  1122
       Bite              |    21 |    42 |   190 |   150 ||   403
       Short sword       |       |       |       |   147 ||   147
Throw: Dart              |     4 |    16 |    27 |    35 ||    82
       Boomerang         |       |     2 |       |       ||     2
Invok: Stomp             |       |       |     2 |       ||     2
       Line Pass         |       |       |     1 |       ||     1
  Use: Scroll            |       |       |     4 |     4 ||     8
 Stab: Sleeping          |     5 |    21 |    16 |     8 ||    50
       Paralysed         |       |       |     8 |    13 ||    21
Armor: Robe              |    32 |    57 |    88 |    40 ||   217
       Acid dragon scale |       |       |     9 |       ||     9
Dodge: Dodged            |    46 |    74 |   208 |   107 ||   435
Block: Other             |       |    13 |    52 |       ||    65
       Reflection        |       |     1 |     1 |     2 ||     4
       Buckler           |       |       |    89 |   124 ||   213

Table legend: (Time is in decaauts)
 A = Elapsed time spent in this place.
 B = Non-inter-level travel time spent in this place.
 C = Inter-level travel time spent in this place.
 D = Time resting spent in this place.
 E = Time spent auto-exploring this place.
 F = Levels seen in this place.
 G = Mean time per level.
                   A        B        C        D        E       F      G
               +--------+--------+--------+--------+--------+-----+--------+
         Total |  11056 |  10396 |    660 |    799 |   7010 |  11 | 1005.1 |
       Dungeon |  10285 |   9654 |    631 |    699 |   6457 |   9 | 1142.8 |
        Temple |    272 |    243 |     29 |      0 |    237 |   1 |  272.0 |
          Lair |    497 |    497 |      0 |    100 |    316 |   1 |  497.0 |
               +--------+--------+--------+--------+--------+-----+--------+

Top non-repeatable levels by time:
     D:5: 1691 daAuts
     D:8: 1647 daAuts
     D:1: 1364 daAuts
     D:7: 1207 daAuts
     D:4: 1021 daAuts
     D:9: 918 daAuts
     D:2: 904 daAuts
     D:6: 779 daAuts
     D:3: 750 daAuts
  Lair:1: 497 daAuts
  Temple: 272 daAuts
